 Dungeon Crawl Stone Soup version 0.25-a0-294-gea9b1ad378 (webtiles) character file.

Game seed: 7892307670521721165, levelgen mode: classic

114 Borgoz the Slasher (level 4, -3/28 HPs)
             Began as a Gargoyle Gladiator on Dec 19, 2019.
             Slain by a gnoll
             ... wielding a +0 spear
              (5 damage)
             ... on level 2 of the Dungeon on Dec 20, 2019.
             The game lasted 00:03:44 (1625 turns).

Borgoz the Slasher (Gargoyle Gladiator)             Turns: 1625, Time: 00:03:44

Health: -3/28      AC:  6    Str: 18    XL:     4   Next: 97%
Magic:  4/4        EV: 12    Int:  6    God:
Gold:   123        SH:  7    Dex: 12    Spells: 3/3 levels left

rFire    . . .     SeeInvis .   a - +0 long sword
rCold    . . .     Gourm    .   m - +0 buckler
rNeg     + . .     Faith    .   b - +0 leather armour
rPois    ∞         Spirit   .   c - +0 helmet
rElec    +         Reflect  .   (no cloak)
rCorr    .         Harm     .   (no gloves)
MR       .....                  (no boots)
Stlth    +.........             (no amulet)
HPRegen  0.09/turn              (no ring)
MPRegen  0.09/turn              (no ring)

@: no status effects
A: large bone plates 1, deformed body, dopey 1, negative energy resistance 1,
electricity resistance, unbreathing, evolution 1, petrification resistance, rot
immunity, AC +3
a: no special abilities


You were on level 2 of the Dungeon.
You were not hungry.

You visited 1 branch of the dungeon, and saw 3 of its levels.

You collected 123 gold pieces.

Inventory:

Hand Weapons
 a - a +0 long sword (weapon)
Missiles
 d - 3 throwing nets (quivered)
Armour
 b - a +0 leather armour (worn)
 c - a +0 helmet (worn)
 m - a +0 buckler (worn)
Jewellery
 k - an uncursed ring of flight
Scrolls
 e - a scroll of enchant armour {unknown}
 g - 3 scrolls of identify {unknown}
 i - 3 scrolls of remove curse {unknown}
 l - 3 scrolls of enchant weapon {unknown}
 r - a scroll of amnesia {unknown}
 t - a scroll of fear {unknown}
Potions
 h - a potion of curing {unknown}
 j - a potion of lignification {unknown}
 n - a potion of mutation
 p - a potion of ambrosia {unknown}
 s - a potion of might {unknown}
Comestibles
 f - 5 rations
 q - 2 chunks of flesh


   Skills:
 * Level 3.1 Fighting
 * Level 3.3 Long Blades
 - Level 2.2 Throwing
 * Level 1.1 Armour
 * Level 3.1 Dodging
 + Level 0.6 Shields


You had 3 spell levels left.
You didn't know any spells.
Your spell library contained the following spells:

 Spells                   Type           Power        Failure   Level  Hunger
 Corona                   Hex            #......      67%         1    ##.....
 Ensorcelled Hibernation  Hex/Ice        #.....       80%         2    ###....
 Confuse                  Hex            #.......     95%         3    ####...
 Dazzling Flash           Conj/Hex       #.....       95%         3    ####...
 Tukima's Dance           Hex            #.......     95%         3    ####...


Dungeon Overview and Level Annotations

Branches:
Dungeon (3/15)

Altars:
Kikubaaqudgha


Innate Abilities, Weirdness & Mutations

You are resistant to torment.
Your stone body is resilient. (AC +3)
You are immune to poison.
You resist negative energy. (rN+)
You are resistant to electric shocks. (rElec)
You can survive without breathing.
You are immune to petrification.
You are immune to rotting.
You are partially covered in large bone plates. (SH +4)
Armour fits poorly on your strangely shaped body.
You are dopey. (Int -2)
You evolve.


Message History

The gnoll hits you with a +3 halberd!
The gnoll hits you from afar with a +0 spear.
You closely miss the gnoll.
The gnoll is almost dead.
The gnoll hits you but does no damage.
The gnoll hits you from afar with a +0 spear.
* * * LOW HITPOINT WARNING * * *
The gnoll hits you with a +3 halberd.
* * * LOW HITPOINT WARNING * * *
It was a potion of mutation.
You feel extremely strange.
You feel stupid.
Your body twists and deforms.
You feel nature experimenting on you.
Don't worry, failures die fast.
Large bone plates grow over parts of your arms.
You block the gnoll's attack. The gnoll hits you but does no damage.
The gnoll misses you.
It was a potion of cancellation.
You feel magically purged. The gnoll misses you.
You riposte.
You hit the gnoll.
The gnoll is moderately wounded.
The gnoll hits you from afar with a +0 spear.
You die...

.>.# ##..8._.8.## #.#
#### ##..8.8...####.#
#...8......##.#
#.......##.##.#
##..##.####.##.#
##...##.####.##.#
#.....#.........#
##...###.###.######
#########......g@gg.....#
........#.####.########.#
#######........# ##.#
###.###### ###.g### # #
#.# #....g.#####.. # #.#
#..#.......... # #.#
#######.....## # #.#### #
#..#g....#. ###### #.#..
....#..#..#..#.


You could see 3 gnolls.

Vanquished Creatures
  Terence (D:2)
  3 adders
  3 worms
  2 leopard geckos
  6 bats
  4 giant cockroaches
  4 hobgoblins
  11 kobolds
  5 frilled lizards
  7 goblins
  8 rats
54 creatures vanquished.

Vanquished Creatures (others)
  A human (D:3)
1 creature vanquished.

Grand Total: 55 creatures vanquished

Notes
Turn   | Place    | Note
-------+----------+-------------------------------------------
     0 | D:1      | Borgoz the Gargoyle Gladiator began the quest for the Orb.
     0 | D:1      | Reached XP level 1. HP: 12/12 MP: 1/1
   145 | D:1      | Reached XP level 2. HP: 18/18 MP: 2/2
   400 | D:1      | Reached XP level 3. HP: 21/22 MP: 3/3
   920 | D:2      | You fall into a shaft and drop 1 floor!
   994 | D:3      | Found an ancient bone altar of Kikubaaqudgha.
  1000 | D:3      | Noticed a human
  1001 | D:3      | Killed a human
  1010 | D:3      | Reached XP level 4. HP: 17/27 MP: 4/4
  1315 | D:2      | Found a faded altar of an unknown god.
  1317 | D:2      | Noticed Terence
  1327 | D:2      | Killed Terence
  1327 | D:2      | Reached skill level 1 in Armour
  1623 | D:2      | HP: 1/28 [gnoll/+3 halberd (6)]
  1624 | D:2      | Gained mutation: You are dopey. (Int -2) [potion of
                  | mutation]
  1624 | D:2      | Gained mutation: Armour fits poorly on your strangely
                  | shaped body. [potion of mutation]
  1624 | D:2      | Gained mutation: You evolve. [potion of mutation]
  1624 | D:2      | Gained mutation: You are partially covered in large bone
                  | plates. (SH +4) [potion of mutation]
  1625 | D:2      | Slain by a gnoll

Levels and vault maps discovered:
D:1:      minmay_arrival_glassed_features, layout_basic
D:2:      layout_loops_corners, chequers_ecumenical_altar_simple_redux,
          hangedman_ru_absence, uniq_terence
D:3:      layout_rooms, tgw_kikubaaqudgha

Skill      XL: |  1  2  3  4 |
---------------+-------------+-----
Throwing       | 2 |  2.2
Long Blades    | 3 |  3.3
Dodging        | 3 |  3.1
Fighting       | 3 |  3.1
Armour         | 1 |  1.1
Shields        | |  0.6

Action                   |  1- 3 |  4- 6 || total
-------------------------+-------+-------++-------
Melee: Long sword        |    98 |    54 ||   152
  Use: Potion            |       |     2 ||     2
  Eat: Chunk             |       |     3 ||     3
Armor: Leather armour    |    46 |    29 ||    75
Dodge: Dodged            |    69 |    46 ||   115
Block: Buckler           |     6 |    11 ||    17
       Rpst.: Long sword |    24 |    18 ||    42

Table legend:
 A = Non-vault XP
 B = Vault XP
 C = Vault XP percentage of total XP
 D = Non-vault monster count
 E = Vault monster count
 F = Vault count percentage of total count
                 A         B        C        D         E       F
            +---------+---------+-------+---------+---------+-------
      Total |     127 |      36 |  22.1 |      53 |       1 |   1.9
            +---------+---------+-------+---------+---------+-------
        D:1 |      44 |       0 |   0.0 |      28 |       0 |   0.0
        D:2 |      50 |      36 |  41.9 |      13 |       1 |   7.1
        D:3 |      33 |       0 |   0.0 |      12 |       0 |   0.0
            +---------+---------+-------+---------+---------+-------
